 Dungeon Crawl Stone Soup version 0.19.4-9-g45fd643 (webtiles) character file.

30532 raph the Blocker (level 13, -14/114 HPs)
             Began as a Minotaur Fighter on Feb 22, 2017.
             Was a High Priest of Yredelemnul.
             Demolished by a porcupine (18 damage)
             ... on level 6 of the Lair of Beasts.
             The game lasted 00:42:45 (16424 turns).

raph the Blocker (Minotaur Fighter)                Turns: 16424, Time: 00:42:45

Health: -14/114    AC: 16    Str: 22    XL:     13   Next: 21%
Magic:  17/17      EV:  7    Int:  5    God:    Yredelemnul [*****.]
Gold:   679        SH: 15    Dex: 14    Spells: 0 memorised, 12 levels left

rFire  + + .     SeeInvis +     T - +0 demon blade (elec)
rCold  + . .     Gourm    +     W - +0 gold dragon scales
rNeg   . . .     Faith    .     c - +1 shield
rPois  +         Spirit   .     (helmet restricted)
rElec  +         Reflect  .     C - +0 cloak
rCorr  .         Harm     .     l - +0 pair of gloves
MR     .....                    (no boots)
Stlth  ..........               o - amulet of the gourmand
                                k - ring of see invisible
                                x - ring of protection from fire

@: lethally poisoned (-14 -> -14), corroded
A: retaliatory headbutt, horns 2, electricity resistance
a: Recall Undead Slaves, Injury Mirror, Animate Dead, Drain Life, Enslave Soul,
Renounce Religion


You were on level 6 of the Lair of Beasts.
You worshipped Yredelemnul.
Yredelemnul was extremely pleased with you.
You were not hungry.

You visited 2 branches of the dungeon, and saw 14 of its levels.
You also visited: Sewer.

You collected 899 gold pieces.
You spent 220 gold pieces at shops.

Inventory:

Hand Weapons
 a - a +0 long sword
 p - a +3 falchion
 T - a +0 demon blade of electrocution (weapon)
Missiles
 w - 5 tomahawks (quivered)
Armour
 c - a +1 shield (worn)
 l - a +0 pair of gloves (worn)
 t - a +1 plate armour
 C - a +0 cloak (worn)
 W - +0 gold dragon scales (worn)
Jewellery
 k - a ring of see invisible (right hand)
 m - an uncursed ring of protection from cold
 o - an amulet of the gourmand (around neck)
 x - a ring of protection from fire (left hand)
 F - an uncursed amulet of magic regeneration
Wands
 H - a wand of flame (36/48)
 N - a wand of iceblast (0/15)
 O - a wand of lightning (4/15)
 P - a wand of confusion (33/48)
 R - a wand of flame (30/48)
Scrolls
 r - 6 scrolls of remove curse
 y - 2 scrolls of magic mapping
 z - a scroll of identify
 B - 2 scrolls of enchant weapon
 G - a scroll of blinking
 J - a scroll of enchant armour
 Q - a scroll of fear
 S - a scroll of teleportation
 V - a scroll of amnesia
Potions
 b - a potion of brilliance
 d - 2 potions of might
 e - 3 potions of heal wounds
 g - 8 potions of flight
 j - 3 potions of ambrosia
 q - 6 potions of curing
 s - 2 potions of invisibility
 u - 2 potions of cancellation
 v - 2 potions of haste
 A - 3 potions of berserk rage
 I - 2 potions of agility
 L - a potion of resistance
Books
 E - a Young Poisoner's Handbook

   Spells                             Type                      Level
   a - Sting                          Conjuration/Poison           1
   b - Mephitic Cloud                 Conjuration/Poison/Air       3
   c - Olgreb's Toxic Radiance        Poison                       4
   d - Alistair's Intoxication        Transmutation/Poison         5
   e - Venom Bolt                     Conjuration/Poison           5
 K - a book of Cantrips

   Spells                             Type                      Level
   a - Confusing Touch                Hexes                        1
   b - Animate Skeleton               Necromancy                   1
   c - Summon Small Mammal            Summoning                    1
   d - Apportation                    Translocation                1
 M - a book of Callings

   Spells                             Type                      Level
   a - Summon Small Mammal            Summoning                    1
   b - Call Imp                       Summoning                    2
   c - Call Canine Familiar           Summoning                    3
   d - Summon Guardian Golem          Hexes/Summoning              3
   e - Summon Lightning Spire         Summoning/Air                4
   f - Summon Ice Beast               Ice/Summoning                4
 U - a book of the Earth

   Spells                             Type                      Level
   a - Leda's Liquefaction            Hexes/Earth                  4
   b - Bolt of Magma                  Conjuration/Fire/Earth       5
   c - Statue Form                    Transmutation/Earth          6
   d - Iron Shot                      Conjuration/Earth            6
   e - Shatter                        Earth                        9
Comestibles
 f - 14 bread rations
 h - 4 meat rations
 i - 6 beef jerkies
 n - 11 slices of pizza
 D - 14 fruits


   Skills:
 + Level 10.4 Fighting
 * Level 13.9 Long Blades
 + Level 10.6 Armour
 + Level 8.2 Dodging
 * Level 14.0 Shields
 + Level 6.8 Invocations


You had 12 spell levels left.
You didn't know any spells.

Dungeon Overview and Level Annotations

Branches:
Dungeon (8/15)             Temple (0/1) D:6            Lair (6/6) D:8
  Swamp (0/4) Lair:3       Spider (0/4) Lair:2        Slime (0/5) Lair:6

Altars:
Ashenzari
Dithmenos
Elyvilon
Hepliaklqana
Nemelex Xobeh
Ru
Trog
Yredelemnul

Shops:
D:5 ?


Innate Abilities, Weirdness & Mutations

You reflexively headbutt those who attack you in melee.
You have a pair of horns on your head.
You are resistant to electric shocks. (rElec)


Message History

Your flying skull hits the elephant!
The acid blob spits acid at you. The splash of acid hits you!
* * * LOW HITPOINT WARNING * * *
You are splashed with acid!
The acid burns!
* * * LOW HITPOINT WARNING * * *
You block the porcupine's attack.
The dream sheep shake their wool and sparkle.
You feel drowsy...
You fall asleep.
Found a robe.
A dream sheep comes into view.
You feel sick.
The dream sheep bleats!
The porcupine barely misses you.
The dream sheep moves out of view.
The porcupine bites you but does no damage.
The ooze hits your flying skull.
You feel sick.
Your flying skull hits the elephant!
The porcupine bites you!!
You wake up.
You die...
Your body rises from the dead as a mindless zombie.

***,****** *****,**#
*,,,,*,,,********,,,,,,**
**,,,,,,*,,,,,*,,,≈≈≈≈,,∩*
*,,,,,,,*≈≈≈≈,,≈≈≈≈,,≈≈≈≈*
**,,,,,,*,,,≈≈≈≈,,,,,,,,,*
**,.,,,*,,,*,,,,,,***,*****
*,*...,************###* #
***[Y.YY############.######
*#....Y.@rY.Z.Zz..Z....#.
*#......YYYzZZ.........P.
*.......J...J.P.#....P...
*#...........J...........
#..........J............
#...................#...
#.......................
#..................#....
**,,,,,,,,,,....P..#.....


You could see an acid blob, 4 elephants, 4 dream sheep, a porcupine, a jelly, 2
oozes, a friendly flying skull, a friendly wight, 3 friendly spriggan zombies
and a friendly spriggan skeleton.

Vanquished Creatures
  A hydra (Lair:4)
  Harold (Lair:4)
  An obsidian statue (D:8)
  An ice statue (D:8)
  12 elephants
  A black mamba (Lair:4)
  5 spiny frogs
  A komodo dragon (Lair:6)
  A rime drake (Lair:4)
  2 polar bears (Lair:6)
  2 hornets (Lair:6)
  11 blink frogs
  Grinder (D:4)
  3 dream sheep (Lair:4)
  A hippogriff (Lair:3)
  7 spriggans (Lair:6)
  A human (D:7)
  Eustachio (D:4)
  3 hogs (D:7)
  20 yaks
  A basilisk (Lair:4)
  A steam dragon (Lair:2)
  A hungry ghost (D:8)
  8 water moccasins
  3 porcupines
  An orc warrior (D:6)
  6 sky beasts
  An ice beast (D:7)
  2 black bears
  2 boggarts (Lair:6)
  2 phantoms
  4 ogres
  2 centaurs (D:8)
  13 wolves
  3 crocodiles
  5 big kobolds
  11 bullfrogs
  2 scorpions
  5 killer bees
  2 electric eels (Lair:2)
  4 wights (D:5)
  3 howler monkeys
  A bullfrog zombie (D:4)
  2 crimson imps (D:6)
  A jelly (D:4)
  8 orc wizards
  Crazy Yiuf (D:7)
  2 bullfrog skeletons
  2 orc priests
  An iguana (D:5)
  Natasha (thrice) (D:4)
  4 worker ants
  3 hound skeletons
  9 adders
  A river rat (Sewer)
  A shadow imp (D:6)
  An ooze (D:4)
  2 adder zombies (D:5)
  6 worms
  An adder skeleton (D:5)
  4 dart slugs
  3 leopard geckos
  25 orcs
  A ball python (D:2)
  6 bats
  7 giant cockroaches
  9 hobgoblins
  13 jackals
  2 quokkas (D:4)
  7 frilled lizards
  11 goblins
  A jackal skeleton (D:8)
  35 kobolds
  A quokka skeleton (D:4)
  14 rats
346 creatures vanquished.

Vanquished Creatures (collateral kills)
  A hydra (Lair:1)
  6 elephants
  A komodo dragon (Lair:6)
  A rime drake (Lair:3)
  5 spiny frogs
  3 hornets
  2 polar bears (Lair:4)
  A blink frog (Lair:1)
  2 dream sheep (Lair:4)
  A redback (Lair:6)
  8 spriggans (Lair:6)
  A basilisk (Lair:6)
  19 yaks
  3 porcupines
  A water moccasin (Lair:2)
  An orc warrior (D:8)
  A sky beast (D:7)
  An ice beast (D:7)
  A black bear (Lair:6)
  An ogre (D:6)
  8 wolves (Lair:6)
  2 crocodiles (Lair:6)
  A big kobold (D:7)
  3 bullfrogs
  2 crimson imps
  An orc priest (D:6)
  2 centaur skeletons
  3 worker ants
  An orc wizard (D:8)
  An adder (D:6)
  An ooze (Lair:6)
  A worm (Lair:2)
  4 orcs
  4 kobolds (D:7)
  A quokka (D:7)
  A fungus (Lair:6)
  2 plants
98 creatures vanquished.

Vanquished Creatures (others)
  6 flying skulls
  A wraith (Lair:6)
  A spiny frog zombie (Lair:3)
  A dream sheep zombie (Lair:4)
  A human zombie (Lair:4)
  A hornet zombie (Lair:6)
  5 elephant zombies
  A spiny frog skeleton (Lair:2)
  A blink frog zombie (Lair:1)
  2 hog zombies (D:7)
  An elephant skeleton (Lair:4)
  A rime drake zombie (Lair:4)
  2 water moccasin zombies
  6 yak zombies
  A polar bear zombie (Lair:4)
  3 yak skeletons
  2 wights
  2 wolf zombies (Lair:6)
  A bullfrog zombie (Lair:1)
  A black bear zombie (Lair:4)
  A porcupine zombie (Lair:4)
  A big kobold zombie (D:7)
  3 killer bee zombies (D:6)
  An ogre zombie (D:8)
  A sky beast zombie (D:7)
  A howler monkey zombie (D:6)
  A scorpion zombie (Lair:2)
  2 electric eel zombies (Lair:2)
  A worm zombie (Lair:2)
  A giant cockroach zombie (Lair:2)
  A jackal zombie (D:7)
  4 kobold zombies
  5 orc zombies
  A quokka zombie (D:7)
  A fire vortex (Lair:6)
  6 fungi
  3 plants (Lair:6)
74 creatures vanquished.

Grand Total: 518 creatures vanquished

Notes
Turn   | Place    | Note
-------+----------+-------------------------------------------
     0 | D:1      | raph the Minotaur Fighter began the quest for the Orb.
     0 | D:1      | Reached XP level 1. HP: 19/19 MP: 0/0
   167 | D:1      | Reached XP level 2. HP: 20/27 MP: 1/1
   771 | D:2      | Reached XP level 3. HP: 18/33 MP: 2/2
  1518 | D:2      | Reached skill level 4 in Shields
  1518 | D:2      | Reached XP level 4. HP: 37/40 MP: 3/3
  2011 | D:3      | Found a glowing drain.
  2018 | Sewer    | Entered a sewer
  2191 | Sewer    | Noticed a big kobold
  2239 | Sewer    | Killed a big kobold
  2239 | Sewer    | Reached skill level 5 in Long Blades
  2239 | Sewer    | Reached XP level 5. HP: 37/47 MP: 4/4
  2335 | Sewer    | Found a white marble altar of Elyvilon.
  2545 | D:3      | Found a shadowy altar of Dithmenos.
  3104 | D:4      | Noticed Eustachio
  3126 | D:4      | Killed Eustachio
  3126 | D:4      | Reached skill level 5 in Shields
  3126 | D:4      | Reached XP level 6. HP: 50/53 MP: 5/5
  3156 | D:4      | Noticed Natasha
  3167 | D:4      | Killed Natasha
  3185 | D:4      | Noticed Natasha
  3203 | D:4      | Killed Natasha
  3337 | D:4      | Reached skill level 5 in Fighting
  3381 | D:4      | Reached XP level 7. HP: 55/61 MP: 6/6
  3468 | D:4      | Reached skill level 5 in Armour
  3522 | D:4      | Found a sacrificial altar of Ru.
  3525 | D:4      | Found a hazy altar of Hepliaklqana.
  3525 | D:4      | Found a shattered altar of Ashenzari.
  3525 | D:4      | Found a basalt altar of Yredelemnul.
  3527 | D:4      | Noticed Natasha
  3528 | D:4      | Noticed Grinder
  3532 | D:4      | Killed Natasha
  3533 | D:4      | Found a sparkling altar of Nemelex Xobeh.
  3546 | D:4      | Killed Grinder
  3546 | D:4      | Reached skill level 6 in Shields
  3737 | D:4      | Found a bloodstained altar of Trog.
  3800 | D:4      | Became a worshipper of Yredelemnul the Dark
  4059 | D:4      | Reached XP level 8. HP: 68/70 MP: 7/7
  4196 | D:4      | Reached skill level 7 in Shields
  4333 | D:5      | Entered Level 5 of the Dungeon
  5029 | D:5      | Found Vusmu's Magic Scroll Emporium.
  5037 | D:5      | Bought a scroll of identify for 26 gold pieces
  5037 | D:5      | Bought a scroll of enchant armour for 97 gold pieces
  5043 | D:5      | Bought a scroll of identify for 26 gold pieces
  5043 | D:5      | Bought a scroll of identify for 26 gold pieces
  5043 | D:5      | Bought a scroll of magic mapping for 45 gold pieces
  5143 | D:5      | Reached * piety under Yredelemnul
  5276 | D:5      | Reached skill level 8 in Shields
  5555 | D:6      | Reached skill level 1 in Dodging
  5555 | D:6      | Reached skill level 1 in Invocations
  5960 | D:6      | Reached XP level 9. HP: 71/78 MP: 8/8
  6209 | D:6      | Reached skill level 9 in Shields
  6258 | D:6      | Found a staircase to the Ecumenical Temple.
  6284 | D:6      | Reached ** piety under Yredelemnul
  6929 | D:7      | Found a white marble altar of Elyvilon.
  7015 | D:7      | Reached skill level 10 in Long Blades
  7178 | D:7      | Reached skill level 10 in Shields
  7184 | D:7      | Reached XP level 10. HP: 77/86 MP: 11/11
  7478 | D:7      | Found a runed door.
  7482 | D:7      | Noticed Crazy Yiuf
  7485 | D:7      | Killed Crazy Yiuf
  8084 | D:8      | Reached *** piety under Yredelemnul
  8325 | D:8      | Found a staircase to the Lair.
  8356 | D:8      | Received a gift from Yredelemnul (a wight)
  8370 | D:8      | Noticed an ice statue
  8395 | D:8      | Killed an ice statue
  8722 | D:8      | Noticed an obsidian statue
  8730 | D:8      | Noticed a smoke demon
  8730 | D:8      | Noticed an orange demon
  8743 | D:8      | Killed an obsidian statue
  9029 | Lair:1   | Entered Level 1 of the Lair of Beasts
  9204 | Lair:1   | Reached skill level 11 in Shields
  9415 | Lair:1   | Noticed a four-headed hydra
  9421 | Lair:1   | Killed a five-headed hydra
  9421 | Lair:1   | Reached skill level 5 in Dodging
  9421 | Lair:1   | Reached XP level 11. HP: 66/94 MP: 13/13
  9955 | Lair:2   | Paralysed by a hornet for 3 turns
 11586 | Lair:2   | Found a hole to the Spider Nest.
 11627 | Lair:2   | Reached skill level 12 in Shields
 12004 | Lair:3   | Reached skill level 5 in Invocations
 12273 | Lair:3   | Received a gift from Yredelemnul (4 flying skulls)
 12301 | Lair:3   | Found a staircase to the Swamp.
 12777 | Lair:4   | Reached XP level 12. HP: 97/104 MP: 15/15
 13121 | Lair:4   | Noticed Harold
 13134 | Lair:4   | Killed Harold
 13212 | Lair:4   | Gained mutation: You are resistant to electric shocks. (rElec) [potion of beneficial mutation]
 13304 | Lair:4   | Noticed a five-headed hydra
 13318 | Lair:4   | Reached skill level 13 in Shields
 13680 | Lair:4   | Your ally Harold died
 13685 | Lair:4   | Killed a 12-headed hydra
 14467 | Lair:4   | Reached **** piety under Yredelemnul
 14705 | Lair:5   | Reached skill level 10 in Armour
 15503 | Lair:6   | Entered Level 6 of the Lair of Beasts
 15898 | Lair:6   | Reached skill level 10 in Fighting
 15946 | Lair:6   | Received a gift from Yredelemnul (3 flying skulls)
 15964 | Lair:6   | Identified a scroll of acquirement
 16061 | Lair:6   | Reached XP level 13. HP: 51/113 MP: 16/16
 16076 | Lair:6   | Received a gift from Yredelemnul (a wight)
 16320 | Lair:6   | Received a gift from Yredelemnul (a wraith)
 16337 | Lair:6   | Reached skill level 14 in Shields
 16351 | Lair:6   | Received a gift from Yredelemnul (a wight)
 16357 | Lair:6   | Reached ***** piety under Yredelemnul
 16418 | Lair:6   | Noticed an acid blob
 16421 | Lair:6   | HP: 5/114 [acid (11)]
 16424 | Lair:6   | Demolished by a porcupine

Skill      XL: |  1  2  3  4  5  6  7  8  9 10 11 12 13 |
---------------+----------------------------------------+-----
Long Blades    | 3 4 5 6 7 8 10 11 12 13 | 13.9
Fighting       | 4 5 6 7 8 9 10 | 10.4
Armour         | 4 5 6 7 8 9 10 | 10.6
Shields        | 4 5 6 8 10 11 12 13 14 | 14.0
Dodging        | 1 3 5 6 8 |  8.2
Invocations    | 1 2 4 5 6 |  6.8

Action                   |  1- 3 |  4- 6 |  7- 9 | 10-12 | 13-15 || total
-------------------------+-------+-------+-------+-------+-------++-------
Melee: Long sword        |   129 |   205 |   130 |       |       ||   464
       Headbutt          |    14 |    39 |    95 |   217 |    10 ||   375
       Falchion          |       |       |   337 |   783 |       ||  1120
       Demon blade       |       |       |       |    28 |    57 ||    85
Throw: Tomahawk          |       |       |       |     4 |       ||     4
Invok: Animate Remains   |       |       |    23 |    24 |       ||    47
       Recall Undead Sla |       |       |     1 |     2 |       ||     3
       Animate Dead      |       |       |       |    34 |     6 ||    40
       Injury Mirror     |       |       |       |     2 |       ||     2
Evoke: Wand              |       |       |       |     1 |       ||     1
  Use: Scroll            |     2 |     6 |    12 |    10 |     1 ||    31
       Potion            |       |     2 |       |     6 |       ||     8
 Stab: Distracted        |       |       |       |     2 |     1 ||     3
  Eat: Chunk             |     2 |    18 |    16 |    38 |     4 ||    78
       Royal jelly       |       |       |       |     1 |       ||     1
       Meat ration       |       |       |       |     1 |       ||     1
Armor: Scale mail        |    67 |    56 |       |       |       ||   123
       Plate armour      |       |    51 |   162 |   321 |    10 ||   544
       Gold dragon scale |       |       |       |       |     8 ||     8
Dodge: Dodged            |    48 |    46 |    53 |   246 |    13 ||   406
Block: Shield            |    87 |   107 |   233 |   577 |    43 ||  1047
       Rpst.: Long sword |    19 |     7 |     4 |       |       ||    30
       Falchion          |       |       |    11 |    47 |       ||    58
       Demon blade       |       |       |       |     2 |     5 ||     7
